 Dungeon Crawl Stone Soup version 0.26-a0-598-g61e6210cf4 (webtiles) character file.

Game seed: 12217097500556015661

549040 MrRokkomies the Cardsharp (level 24, 0/145 HPs)
             Began as a Felid Enchanter on Aug 27, 2020.
             Was a High Priest of Nemelex Xobeh.
             Slain by an Orb Guardian (2 damage)
             ... on level 5 of the Realm of Zot on Aug 28, 2020.
             The game lasted 06:10:17 (98887 turns).

MrRokkomies the Cardsharp (Felid Enchanter)        Turns: 98887, Time: 06:10:18

Health: 0/145      AC: 28    Str:  7    XL:     24   Next: 99%
Magic:  2/45       EV: 38    Int: 26    God:    Nemelex Xobeh [*****.]
Gold:   7114       SH:  0    Dex: 16    Spells: 7/57 levels left
                                        Lives:  0   Deaths: 7

rFire    + + +     SeeInvis +     - Unarmed
rCold    + . .     Faith    .   (shield unavailable)
rNeg     + + .     Spirit   .   (armour unavailable)
rPois    ∞         Reflect  .   (helmet unavailable)
rElec    +         Harm     .   (cloak unavailable)
rCorr    .                      (gloves unavailable)
MR       +++++                  (boots unavailable)
Stlth    ++++++....             s - amulet "Ejamnumu" {rF++ Regen+ Slay+3}
HPRegen  0.74/turn              R - ring "Haeveon" {rC+ MR+ Stlth-}
MPRegen  0.29/turn              i - ring "Ocsuis" {rF+ rN+ EV+4 Str+3 SInv}

@: statue-form, very slow
A: very small, no armour, no weapons or thrown items, stealth, claws 1, fangs 3,
see invisible, clumsy 1, magic resistance 1, sharp paws
}: 3/15 runes: decaying, slimy, gossamer
a: End Transformation, Draw Escape, Draw Destruction, Draw Summoning, Draw
Stack, Triple Draw, Deal Four, Stack Five, Renounce Religion


You were on level 5 of the Realm of Zot.
You worshipped Nemelex Xobeh.
Nemelex Xobeh was extremely pleased with you.
You were a stone statue.
You visited 11 branches of the dungeon, and saw 56 of its levels.
You also visited: Ice Cave.

You collected 12006 gold pieces.
You spent 4892 gold pieces at shops.

Inventory:

Jewellery
 i - the ring "Ocsuis" (right paw) {rF+ rN+ EV+4 Str+3 SInv}
   (You bought it in a shop on level 2 of the Orcish Mines)

   [ring of evasion]

   It affects your evasion (+4).
   It affects your strength (+3).
   It protects you from fire.
   It protects you from negative energy.
   It lets you see invisible.
 p - a cursed +6 ring of dexterity
 s - the amulet "Ejamnumu" (around neck) {rF++ Regen+ Slay+3}
   (You bought it in a shop on level 2 of the Orcish Mines)

   [amulet of regeneration]

   It affects your accuracy and damage with ranged weapons and melee attacks
   (+3).
   It greatly protects you from fire.
   It increases your rate of regeneration.
 v - an uncursed ring of resist corrosion
 E - an uncursed ring of wizardry
 F - the ring "Tyisoump" {rPois rN+ SInv Stlth+}
   (You found it on level 3 of the Crypt)

   [ring of positive energy]

   It protects you from poison.
   It protects you from negative energy.
   It lets you see invisible.
   It makes you more stealthy.
 M - a ring of the Octopus King {rF+ AC+1 EV+1 Str+1 Int+1 Dex+1}
   (You found it on level 3 of the Elven Halls)

   [ring of protection from fire]

   It affects your AC (+1).
   It affects your evasion (+1).
   It affects your strength (+1).
   It affects your intelligence (+1).
   It affects your dexterity (+1).
   It protects you from fire.
 R - the ring "Haeveon" (left paw) {rC+ MR+ Stlth-}
   (You found it on level 2 of the Elven Halls)

   [ring of attention]

   It protects you from cold.
   It affects your resistance to hostile enchantments.
   It makes you less stealthy.
Wands
 o - a wand of polymorph (55)
 q - a wand of digging (1)
 A - a wand of enslavement (25)
 H - a wand of flame (64)
 N - a wand of iceblast (27)
 Q - a wand of paralysis (30)
 T - a wand of random effects (22)
 V - a wand of disintegration (13)
 W - a wand of acid (30)
Scrolls
 e - 10 scrolls of teleportation
 j - 30 scrolls of remove curse
 l - 3 scrolls of holy word
 n - 8 scrolls of immolation
 r - 21 scrolls of identify
 t - 4 scrolls of fog
 u - 4 scrolls of magic mapping
 y - 17 scrolls of amnesia
 J - 8 scrolls of fear
 L - a scroll of summoning
Potions
 a - 5 potions of cancellation
 b - 17 potions of curing
 c - 6 potions of flight
 f - 3 potions of magic
 g - 9 potions of mutation
 h - 5 potions of resistance
 k - 13 potions of lignification
 m - 10 potions of haste
 w - 10 potions of brilliance
 x - 2 potions of heal wounds
 z - 5 potions of might
 C - a potion of berserk rage
 D - a potion of invisibility
 I - 5 potions of ambrosia
 P - 5 potions of stabbing
Miscellaneous
 d - a tin of tremorstones (3/3)
 B - a phantom mirror
 K - a condenser vane (2/2)
 O - a lightning rod (4/4)
 S - a box of beasts (3/3)


   Skills:
 - Level 15.0 Fighting
 - Level 20.0 Dodging
 + Level 18.7 Stealth
 - Level 15.0 Unarmed Combat
 * Level 17.4 Spellcasting
 - Level 18.0 Conjurations
 - Level 12.0 Hexes
 - Level 4.0 Translocations
 - Level 10.0 Transmutations
 - Level 15.0 Earth Magic
 - Level 20.0 Invocations
 * Level 16.3 Evocations


You had 7 spell levels left.
You knew the following spells:

 Your Spells              Type           Power        Failure   Level
a - Blink                 Tloc           N/A          1%          2
b - Orb of Destruction    Conj           #######...   1%          7
c - Confusing Touch       Hex            ######..     1%          3
d - Magic Dart            Conj           ####         0%          1
e - Dazzling Flash        Conj/Hex       ######       0%          3
f - Tukima's Dance        Hex            ######..     1%          3
g - Iskenderun's Mystic   Conj/Tloc      ######..     1%          4
h - Statue Form           Tmut/Erth      ######...    1%          6
i - Iron Shot             Conj/Erth      #######...   1%          6
j - Cause Fear            Hex            ######....   1%          4
k - Invisibility          Hex            ######..     2%          6
l - Lee's Rapid Deconstr  Erth           #######...   1%          5

Your spell library contained the following spells:

 Spells                   Type           Power        Failure   Level
 Corona                   Hex            ######.      0%          1
 Sandblast                Erth           ######       0%          1
 Searing Ray              Conj           ######       0%          2
 Stone Arrow              Conj/Erth      ######       0%          3
 Apportation              Tloc           #####.       1%          1
 Beastly Appendage        Tmut           ######       1%          1
 Foxfire                  Conj/Fire      ####         1%          1
 Shock                    Conj/Air       ####         1%          1
 Sting                    Tmut/Pois      ####         1%          1
 Ensorcelled Hibernation  Hex/Ice        ######       1%          2
 Passwall                 Tmut/Erth      ######..     1%          2
 Slow                     Hex            ######..     1%          2
 Wereblood                Tmut           ######..     1%          2
 Conjure Flame            Conj/Fire      ######..     1%          3
 Gell's Gravitas          Tloc           #####.....   1%          3
 Ignite Poison            Fire/Tmut/Pois #####...     1%          3
 Inner Flame              Hex/Fire       ######..     1%          3
 Lesser Beckoning         Tloc           #####.....   1%          3
 Mephitic Cloud           Conj/Pois/Air  ######..     1%          3
 Spider Form              Tmut/Pois      #####.....   1%          3
 Static Discharge         Conj/Air       ######..     1%          3
 Summon Guardian Golem    Hex/Summ       ######..     1%          3
 Teleport Other           Tloc           #####...     1%          3
 Fulminant Prism          Conj/Hex       #######...   1%          4
 Leda's Liquefaction      Hex/Erth       #######...   1%          4
 Petrify                  Tmut/Erth      ######..     1%          4
 Sticky Flame             Conj/Fire      ######..     1%          4
 Blade Hands              Tmut           ######....   1%          5
 Bolt of Magma            Conj/Fire/Erth ######....   1%          5
 Fireball                 Conj/Fire      ######....   1%          5
 Irradiate                Conj/Tmut      #######...   1%          5
 Iskenderun's Battlesphe  Conj           #######.     1%          5
 Lightning Bolt           Conj/Air       ######....   1%          5
 Yara's Violent Unravell  Hex/Tmut       ######....   1%          5
 Animate Skeleton         Necr           ###...       2%          1
 Pain                     Necr           ###.         2%          1
 Summon Small Mammal      Summ           ###.         2%          1
 Ice Form                 Ice/Tmut       #####...     2%          4
 Borgnjor's Vile Clutch   Necr/Erth      ######....   2%          5
 Call Imp                 Summ           ###.....     3%          2
 Corpse Rot               Necr/Air       N/A          3%          2
 Poisonous Vapours        Pois/Air       ###...       3%          2
 Sublimation of Blood     Necr           ###.......   3%          2
 Swiftness                Air            ###.....     3%          2
 Passage of Golubria      Tloc           N/A          4%          4
 Metabolic Englaciation   Hex/Ice        ######....   4%          5
 Silence                  Hex/Air        ######....   4%          5
 Hydra Form               Tmut           ######....   5%          6
 Call Canine Familiar     Summ           ###.....     6%          3
 Vampiric Draining        Necr           ###.......   6%          3
 Alistair's Intoxication  Tmut/Pois      #####....    8%          5
 Airstrike                Air            ###.......   22%         4
 Animate Dead             Necr           ###.......   22%         4
 Dispel Undead            Necr           ###.....     22%         4
 Olgreb's Toxic Radiance  Pois           ###.....     22%         4
 Summon Ice Beast         Ice/Summ       ###.....     22%         4
 Summon Lightning Spire   Summ/Air       ###.....     22%         4
 Freezing Cloud           Conj/Ice/Air   ######....   28%         6
 Dragon Form              Tmut           ######....   30%         7
 Spellforged Servitor     Conj/Summ      ######....   41%         7
 Agony                    Necr           ###.....     52%         5
 Dispersal                Tloc           #####.....   54%         6
 Ozocubu's Refrigeration  Ice            ###.......   97%         6
 Simulacrum               Ice/Necr       ###.......   97%         6
 Malign Gateway           Summ/Tloc      ####......   100%        7
 Monstrous Menagerie      Summ           ###.......   100%        7
 Summon Greater Demon     Summ           ###.......   100%        7
 Lehudib's Crystal Spear  Conj/Erth      #######...   16%         8
 Discord                  Hex            ######....   71%         8
 Chain Lightning          Conj/Air       ######....   98%         8
 Shatter                  Erth           #######...   99%         9
 Disjunction              Tloc           #####.....   100%        8
 Ignition                 Fire           ###.......   100%        8
 Summon Horrible Things   Summ           ###.......   100%        8
 Absolute Zero            Ice            ###.......   100%        9
 Dragon's Call            Summ           ###.......   100%        9
 Fire Storm               Conj/Fire      ######....   100%        9
 Tornado                  Air            ###.......   100%        9
 Portal Projectile        Hex/Tloc       Unusable     N/A         3
 Excruciating Wounds      Necr           Unusable     N/A         5

Dungeon Overview and Level Annotations

Branches:
Dungeon (15/15)            Temple (0/1) D:4            Lair (6/6) D:8
  Swamp (4/4) Lair:3       Spider (4/4) Lair:3        Slime (5/5) Lair:6
    Orc (2/2) D:12            Elf (3/3) Orc:2        Vaults (4/5) D:13
  Crypt (3/3) Vaults:3       Tomb (0/3) Crypt:3      Depths (5/5) D:15
    Zot (5/5) Depths:5      IceCv (visited)

Altars:
Ashenzari
Dithmenos
Elyvilon
Fedhas
Kikubaaqudgha
Makhleb
Nemelex Xobeh
Okawaru
Qazlal
Sif Muna
Vehumet
Xom
Yredelemnul
Zin
The Shining One
Beogh

Shops:
D:4 =:   D:9 ((:   D:12 *[[   Orc:1 }**[}   Orc:2 ?(==(   Vaults:2 *
Depths:1 *   Depths:5 (*[[

Portals:
Hell: Depths:1 Depths:2 Depths:3 Depths:4 Depths:5
Abyss: Crypt:3 Depths:1 Depths:2 Depths:4 Depths:5
Pandemonium: Depths:3
Ziggurat: Depths:5

Annotations:
D:6 1 runed translucent door, feta's ghost, novice FoFi
D:13 2 transporters, Zuilysosh's ghost, journeyman DsEE
Lair:2 1 runed translucent door, Rarufug's ghost, journeyman PaAK
Swamp:2 1 runed translucent door
Vaults:2 36 runed doors
Crypt:3 2 transporters, Zezozy's ghost, veteran GrFi
Abyss:1 Lernaean hydra; Nikola


Innate Abilities, Weirdness & Mutations

You cannot wear armour.
You are incapable of wielding weapons or throwing items.
Your paws allow you to move quietly. (Stealth)
You have sharp claws.
You have razor-sharp teeth.
You have supernaturally acute eyesight. (SInv)
((You cover ground quickly.))
((Your thick and shaggy fur keeps you warm. (AC +3, rC+)))
Your sharp claws are effective at attacking unaware monsters.
You are clumsy. (Dex -2)
You are resistant to hostile enchantments. (MR+)


Message History

* * * LOW HITPOINT WARNING * * *
Unknown command.
Casting: Iron Shot (mildly dangerous; 1% risk of failure)
Confirm with . or Enter, or press ? or * to list all spells.
You blink.
The Orb Guardian hits you but does no damage.
The Orb Guardian closely misses you.
Found 34 gold pieces.
You closely miss the Orb Guardian.
The Orb Guardian is heavily wounded.
The Orb Guardian hits you!!
* * * LOW HITPOINT WARNING * * *
The Orb Guardian completely misses you. x2
You scratch the Orb Guardian but do no damage.
The Orb Guardian is heavily wounded.
The Orb Guardian hits you!!
* * * LOW HITPOINT WARNING * * *
The Orb Guardian hits you.
You die...
Your body glows with a rainbow of weird colours and disappears.

.## ##..#* ##...# ##))## # ##
##..#* #...# ##).## ####...###
#...# ##..).##
.##......#######...#######......#
.....^.....................⌠.....
.....<...............⌠...........
..............##.##..#####.......
####▓▓▓▓########X#######*▓▓▓▓####
,^,** *.......8.......* **,,,
,,,,** *#.....X....$..#* **,,,,
,,,,,** #.............# **,,,,,
,,,,^,* ##...........## *,,,,,,
,,,,,,* #...!.......# *,,,,,,
,,,,,,* *#...........#* *,,,,^,
,,,,,,* #.............# *,,,,,,
,,,,,,* *#.....^.......#* *,,,,,,
,,,,,^***,,,,,,,,,,,,,,,***,^,,,,


You could see 2 Orb Guardians.

Vanquished Creatures
  the Royal Jelly (Slime:5)
  2 orbs of fire (Zot:2)
  2 ancient liches
  A juggernaut (Depths:3)
  A greater mummy (Depths:2)
  5 Killer Klowns
  2 curse toes (Zot:4)
  A caustic shrike (Depths:3)
  14 golden dragons
  Arachne (Spider:3)
  3 bone dragons
  5 liches
  An electric golem (Zot:1)
  15 tentacled monstrosities
  Rupert (Orc:2)
  6 quicksilver dragons
  A deep elf blademaster (Elf:3)
  2 Orb Guardians (Zot:5)
  2 deep elf master archers (Elf:3)
  A titan (Depths:4)
  18 acid blobs
  An ancient champion (Crypt:1)
  8 sphinxes
  11 death cobs
  The ghost of Onoura the Crack Shot, an adept CeHu of Okawaru (Elf:2)
  5 tengu reavers
  Kirke (Lair:4)
  3 thorn hunters
  3 revenants
  Donald (Orc:2)
  12 shadow dragons
  18 storm dragons
  5 draconian monks
  5 fire giants
  6 azure jellies
  3 iron dragons
  5 frost giants
  9 draconian scorchers
  9 vault wardens
  9 draconian knights
  4 deep elf sorcerers
  3 emperor scorpions
  Aizul (Depths:2)
  A juggernaut zombie (Crypt:1)
  5 ghost moths
  10 stone giants
  5 curse skulls
  4 draconian stormcallers
  3 ghouls
  3 deep elf elementalists (Elf:3)
  2 draconian annihilators
  16 ironheart preservers
  10 draconian shifters
  A spriggan defender (Depths:3)
  2 caustic shrike skeletons
  24 very ugly things
  4 entropy weavers
  18 black draconians
  A war gargoyle (Vaults:3)
  7 green draconians
  3 vampire knights
  19 white draconians
  20 purple draconians
  15 red draconians
  4 deep elf demonologists
  9 deep elf annihilators
  6 spark wasps
  19 yellow draconians
  11 eidola
  4 ettins
  6 death oozes
  8 deep elf death magi
  7 jiangshi
  9 great orbs of eyes
  9 yaktaur captains
  15 fire dragons
  3 rakshasas
  4 deep elf high priests
  10 ice dragons
  4 vault guards
  24 hydras
  A juggernaut simulacrum (Depths:2)
  3 death knights
  2 hell beasts
  A shambling mangrove (Swamp:4)
  A quicksilver dragon skeleton (Crypt:1)
  8 spriggan air magi
  6 catoblepae
  8 centaur warriors
  19 ogre magi
  5 deep troll earth magi
  21 dancing weapons
  3 death yaks (Lair:6)
  A spectral fire giant (Crypt:3)
  8 vampire magi
  6 deep troll shamans
  9 alligators
  A titan zombie (Crypt:1)
  32 two-headed ogres
  Urug (Lair:4)
  6 tengu warriors
  8 spriggan berserkers
  21 deep elf knights
  A spectral storm dragon (Crypt:3)
  2 soul eaters
  Sonja (Lair:5)
  A shock serpent (shapeshifter) (Depths:2)
  An iron troll (Elf:2)
  6 hell knights (Depths:5)
  18 shadow wraiths
  A spriggan druid (Swamp:3)
  15 skeletal warriors
  A golden dragon zombie (Crypt:1)
  A fire crab (shapeshifter) (Vaults:3)
  A small abomination (Vaults:2)
  4 spark wasp zombies
  6 flayed ghosts
  2 unseen horrors (shapeshifter)
  6 unseen horrors
  A spectral iron dragon (Crypt:3)
  A lindwurm (Depths:3)
  12 deep trolls
  14 deep elf archers
  7 wizards
  19 phantasmal warriors
  6 swamp dragons
  19 necromancers
  A shadow dragon zombie (Depths:2)
  8 glowing orange brains
  7 harpies
  6 ironbrand convokers
  10 orc knights
  Pikel (D:3)
  A fire giant zombie (Depths:2)
  8 orb spiders
  3 shining eyes
  41 ugly things
  56 deep elf magi
  39 wolf spiders
  12 wolf spider zombies
  8 manticores
  A shining eye (shapeshifter) (Vaults:4)
  8 cyclopes
  A tengu skeleton (Depths:2)
  33 moths of wrath
  2 shadow dragon skeletons (Crypt:1)
  A spectral alligator (Crypt:3)
  A frost giant zombie (Crypt:1)
  An iron dragon skeleton (Crypt:1)
  2 orc sorcerers
  4 stone giant zombies
  A spectral fire dragon (Crypt:3)
  Maurice (D:8)
  A guardian serpent (shapeshifter) (Vaults:1)
  A dire elephant zombie (Crypt:1)
  A frost giant skeleton (Crypt:2)
  6 vault sentinels
  2 eyes of devastation
  6 black mambas
  2 fire giant skeletons
  4 torpor snails
  2 spriggan zombies (Depths:2)
  4 gargoyles
  13 cane toads
  2 rust devils
  2 cane toads (shapeshifter)
  A shock serpent skeleton (Crypt:2)
  An orange demon (IceCv)
  An emperor scorpion zombie (Crypt:1)
  A purple draconian zombie (Crypt:1)
  A rime drake (Elf:2)
  Maggie (Lair:2)
  A golden dragon simulacrum (Crypt:1)
  An efreet (D:13)
  16 komodo dragons
  A red draconian zombie (Crypt:2)
  An iron troll zombie (Crypt:3)
  A komodo dragon (shapeshifter) (Depths:3)
  7 redback zombies (Spider:1)
  A yaktaur (shapeshifter) (Depths:1)
  A catoblepas skeleton (Crypt:1)
  2 ice devils (IceCv)
  12 demonic crawlers
  6 kobold demonologists
  13 freezing wraiths
  42 yaktaurs
  A hellwing (Depths:4)
  A ghost moth simulacrum (Crypt:1)
  A red devil (IceCv)
  7 tengu conjurers
  31 jumping spiders
  10 guardian mummies
  A meliai (shapeshifter) (Vaults:2)
  17 trolls
  A polar bear (Lair:5)
  A hydra zombie (Crypt:1)
  20 hornets
  A satyr zombie (Crypt:3)
  6 bog bodies
  An ettin zombie (Crypt:1)
  A fire dragon zombie (Crypt:1)
  A moth of wrath zombie (Crypt:2)
  8 tyrant leeches
  73 slime creatures
  10 tarantella zombies (Spider:1)
  10 blink frogs
  An iron dragon simulacrum (Crypt:1)
  2 ice dragon zombies
  4 hippogriffs
  A hydra skeleton (Crypt:2)
  2 dream sheep
  A blink frog (shapeshifter) (Depths:1)
  A meliai zombie (D:13)
  9 wraiths
  2 air elementals
  A redback (shapeshifter) (Depths:5)
  A vampire (D:14)
  2 alligator skeletons (Crypt:2)
  9 spriggans
  11 shadows
  32 tarantellas
  9 flying skulls (Crypt:3)
  2 ettin skeletons
  Sigmund (D:2)
  67 redbacks
  A spriggan (shapeshifter) (Depths:3)
  6 water elementals
  A fire elemental (Elf:1)
  39 yaks
  3 wyverns
  3 basilisks
  2 hogs (Lair:4)
  2 golden eyes (shapeshifter)
  3 golden eyes (Slime:1)
  A large abomination (Crypt:2)
  A steam dragon (Lair:5)
  2 black mamba skeletons
  Grum (Lair:1)
  24 vampire mosquitoes
  A spectral cane toad (Crypt:3)
  An acid dragon (Zot:2)
  9 insubstantial wisps
  A warg (Orc:2)
  A merfolk zombie (Crypt:1)
  A spectral snapping turtle (Crypt:3)
  2 hell hounds
  2 soldier ants
  14 swamp worms
  7 water moccasins
  A torturous demonspawn skeleton (Crypt:3)
  Duvessa (D:4)
  13 porcupines
  A water nymph skeleton (Crypt:2)
  7 swamp drakes
  2 elephant zombies (Lair:3)
  14 ice beasts
  2 phantoms
  4 sky beasts
  A black bear (Lair:5)
  13 boggarts
  An ettin simulacrum (Crypt:1)
  An eye of draining (shapeshifter) (D:13)
  19 orc warriors
  3 eyes of draining
  23 wolves
  A manticore zombie (Crypt:1)
  4 necrophages
  A boggart (shapeshifter) (D:14)
  31 ogres
  A torpor snail zombie (Crypt:1)
  20 centaurs
  14 crocodiles
  2 komodo dragon zombies (Lair:3)
  A yaktaur zombie (Crypt:2)
  6 big kobolds
  17 bullfrogs
  Dowan (D:4)
  An elf skeleton (Crypt:2)
  3 wyvern skeletons
  An earth elemental (Elf:1)
  A wyvern zombie (Crypt:3)
  A glowing shapeshifter simulacrum (Depths:1)
  A scorpion (shapeshifter) (Depths:2)
  8 scorpions
  A cyclops skeleton (Crypt:3)
  14 killer bees
  An orc simulacrum (Vaults:1)
  20 wights
  4 howler monkeys
  A troll skeleton (Crypt:2)
  4 electric eels
  A centaur zombie (D:9)
  2 crimson imps (Depths:4)
  14 jellies
  A black bear zombie (Crypt:1)
  A draconian simulacrum (IceCv)
  8 hounds
  2 bullfrog zombies (D:12)
  A human skeleton (Crypt:2)
  9 orc priests
  3 bullfrog skeletons
  A black bear skeleton (Crypt:1)
  5 centaur skeletons
  4 iguanas
  16 orc wizards
  A hell rat (Depths:1)
  12 worker ants
  A troll simulacrum (IceCv)
  A killer bee zombie (D:7)
  2 centaur simulacra (IceCv)
  A hound skeleton (D:4)
  18 mummies
  A worker ant zombie (D:10)
  10 gnolls
  12 adders
  A naga simulacrum (IceCv)
  A howler monkey skeleton (D:9)
  2 ufetubi
  An ooze (D:5)
  2 adder zombies
  An adder skeleton (D:7)
  A halfling skeleton (Crypt:3)
  2 worms
  A dart slug (D:3)
  6 leopard geckos
  67 orcs
  5 giant cockroaches
  A gnoll zombie (Crypt:3)
  8 goblins
  4 hobgoblins
  2 jackals (D:8)
  22 kobolds
  3 quokkas
  A ball python (D:1)
  7 bats
  7 frilled lizards
  A frilled lizard zombie (Crypt:1)
  An orc zombie (Crypt:2)
  A quokka skeleton (D:6)
  9 rats
  2 crawling corpses (Elf:3)
2304 creatures vanquished.

Vanquished Creatures (collateral kills)
  Sojobo (Crypt:2)
  A quicksilver dragon (Depths:4)
  Agnes (Spider:4)
  A draconian monk (Zot:2)
  2 vault wardens
  A deep elf sorcerer (Elf:3)
  A frost giant (Depths:4)
  A deep elf demonologist (Elf:3)
  Snorg (Orc:2)
  2 death oozes (Slime:5)
  A fire dragon (Spider:2)
  3 ettins
  A deep elf death mage (Elf:3)
  A yaktaur captain (Vaults:3)
  5 hydras
  An ogre mage (Vaults:3)
  Harold (Orc:1)
  2 death knights
  2 death yaks (Lair:6)
  13 two-headed ogres
  A swamp dragon (Swamp:4)
  2 orc knights
  An orb spider (Spider:4)
  A wolf spider (Spider:4)
  An orc sorcerer (Orc:2)
  A vault sentinel (Vaults:3)
  3 demonic crawlers
  3 yaktaurs (Vaults:3)
  A freezing wraith (Vaults:3)
  2 slime creatures (Slime:5)
  9 dream sheep
  3 tarantellas (Spider:4)
  10 yaks (Lair:6)
  2 vampire mosquitoes (Swamp:3)
  2 swamp worms (Swamp:3)
  2 insubstantial wisps (Swamp:2)
  A water moccasin (Lair:6)
  4 orc warriors
  A swamp drake (Swamp:4)
  9 ogres
  A killer bee (D:8)
  A wight (D:10)
  An electric eel (Spider:4)
  3 orc priests (Orc:1)
  An orc wizard (Orc:1)
  7 orcs
115 creatures vanquished.

Vanquished Creatures (others)
  An ironheart preserver (Vaults:2)
  A deep elf demonologist (Depths:4)
  A shadow wraith (Vaults:4)
  An orb spider (Spider:4)
  2 moths of wrath
  A tyrant leech (Swamp:4)
  A blink frog (Swamp:4)
  21 dancing weapons
  A human (Lair:5)
  A yak (Lair:6)
  A boggart (Depths:3)
  An orc wizard (Vaults:2)
  A quokka (D:15)
  45 fungi
  54 plants
  2 withered plants (Lair:2)
135 creatures vanquished.

Grand Total: 2554 creatures vanquished

Notes
Turn   | Place    | Note
-------+----------+-------------------------------------------
     0 | D:1      | MrRokkomies the Felid Enchanter began the quest for the
                  | Orb.
     0 | D:1      | Reached XP level 1. HP: 7/7 MP: 4/4
    45 | D:1      | Reached XP level 2. HP: 11/11 MP: 6/6
    49 | D:1      | Learned a level 2 spell: Ensorcelled Hibernation
   580 | D:1      | Reached skill level 5 in Hexes
   979 | D:2      | Reached XP level 3. HP: 12/14 MP: 4/7
  1012 | D:2      | Learned a level 3 spell: Confusing Touch
  1317 | D:2      | Noticed Sigmund
  1319 | D:2      | Killed Sigmund
  1319 | D:2      | Reached skill level 5 in Stealth
  1319 | D:2      | Reached XP level 4. HP: 18/18 MP: 8/8
  1319 | D:2      | Reached XP level 5. HP: 21/21 MP: 9/9
  1329 | D:2      | Found a burning altar of Makhleb.
  1333 | D:2      | Found a glowing silver altar of Zin.
  1333 | D:2      | Noticed a blizzard demon
  1333 | D:2      | Noticed an angel
  1339 | D:2      | Learned a level 1 spell: Magic Dart
  1762 | D:3      | Found a faded altar of an unknown god.
  1954 | D:3      | Found a radiant altar of Vehumet.
  1954 | D:3      | Found a sparkling altar of Nemelex Xobeh.
  1961 | D:3      | Became a worshipper of Nemelex Xobeh the Trickster
  1964 | D:3      | Received a gift from Nemelex Xobeh
  2301 | D:4      | Noticed Pikel
  2301 | D:4      | Noticed a lemure
  2301 | D:4      | Noticed a lemure
  2301 | D:4      | Noticed a lemure
  2301 | D:4      | Noticed a lemure
  2310 | D:3      | Killed Pikel
  2310 | D:3      | Gained mutation: You are covered in thick fur. (AC +2)
                  | [Felid growth]
  2310 | D:3      | Reached XP level 6. HP: 19/24 MP: 5/10
  2310 | D:3      | Reached XP level 7. HP: 21/27 MP: 5/11
  2373 | D:4      | Noticed Duvessa
  2373 | D:4      | Noticed Dowan
  2542 | D:4      | Killed Duvessa
  2542 | D:4      | Reached skill level 5 in Dodging
  2820 | D:4      | Killed Dowan
  2961 | D:4      | Found Onuviemoax's Book Emporium.
  3135 | D:4      | Found Quuteito's Jewellery Shoppe.
  3289 | D:4      | Learned a level 2 spell: Blink
  3305 | D:4      | Found a basalt altar of Yredelemnul.
  3463 | D:4      | Found a shimmering blue altar of Sif Muna.
  3469 | D:4      | Found a staircase to the Ecumenical Temple.
  3561 | D:4      | Reached * piety under Nemelex Xobeh
  3700 | D:5      | Entered Level 5 of the Dungeon
  3854 | D:5      | Reached skill level 5 in Unarmed Combat
  3854 | D:5      | Reached XP level 8. HP: 31/31 MP: 12/12
  3872 | D:5      | Found a radiant altar of Vehumet.
  4081 | D:5      | Received a gift from Nemelex Xobeh
  4358 | D:5      | Found a sparkling altar of Nemelex Xobeh.
  5078 | D:6      | Found a runed translucent door.
  5079 | D:6      | Noticed feta's ghost (novice FoFi)
  5123 | D:6      | Found a shattered altar of Ashenzari.
  5301 | D:6      | Reached ** piety under Nemelex Xobeh
  5686 | D:7      | Found a blossoming altar of Fedhas.
  5985 | D:7      | Noticed a gargoyle
  6026 | D:7      | Killed a gargoyle
  6026 | D:7      | Reached skill level 5 in Invocations
  6026 | D:7      | Reached XP level 9. HP: 17/34 MP: 13/13
  6652 | D:7      | Found a stormy altar of Qazlal.
  7314 | D:7      | Received a gift from Nemelex Xobeh
  7579 | D:7      | Found an iron altar of Okawaru.
  7968 | D:8      | Reached XP level 10. HP: 18/37 MP: 2/16
  8245 | D:8      | Received a gift from Nemelex Xobeh
  8708 | D:8      | Noticed Maurice
  8888 | D:8      | Found a white marble altar of Elyvilon.
  9027 | D:8      | Reached *** piety under Nemelex Xobeh
  9395 | D:8      | Killed Maurice
  9447 | D:8      | Found a staircase to the Lair.
  9484 | D:9      | Found a shadowy altar of Dithmenos.
  9535 | D:9      | Reached skill level 10 in Hexes
  9733 | D:9      | Found Emorimuxt's Book Emporium.
  9735 | D:9      | Noticed a two-headed ogre
  9741 | D:9      | Killed a two-headed ogre
  9772 | D:9      | Received a gift from Nemelex Xobeh
  9826 | D:9      | Found Irphuecs's Weapon Shoppe.
  9925 | D:9      | Found Ovesoh's Antique Weapon Emporium.
 10211 | D:9      | Got a transparent marble ring
 10213 | D:9      | Identified the ring "Gack" {rF+ Str+3} (You found it on
                  | level 9 of the Dungeon)
 10362 | D:9      | Reached skill level 10 in Stealth
 10882 | D:10     | Entered Level 10 of the Dungeon
 10904 | D:10     | Reached XP level 11. HP: 40/40 MP: 6/18
 11049 | D:9      | Learned a level 3 spell: Dazzling Flash
 11053 | D:9      | Learned a level 3 spell: Tukima's Dance
 11482 | D:10     | Noticed an orc knight
 11744 | D:10     | Noticed a centaur warrior
 11750 | D:10     | Killed a centaur warrior
 11917 | Lair:1   | Entered Level 1 of the Lair of Beasts
 11971 | Lair:1   | Found a frozen archway.
 11999 | Lair:1   | Received a gift from Nemelex Xobeh
 12002 | Lair:1   | Reached skill level 10 in Unarmed Combat
 12039 | IceCv    | Entered an ice cave
 12259 | IceCv    | HP: 1/40 [ice beast[an ice statue] (13)]
 12785 | IceCv    | Identified the +0 hand axe "Hakuev" {flame, rF+ Int+4}
 13087 | Lair:1   | You fall into a shaft and drop 1 floor!
 13193 | Lair:2   | Identified Lehudib's Compendium of Ashen Arcane Weapons
 13229 | Lair:2   | Reached **** piety under Nemelex Xobeh
 13232 | Lair:2   | Noticed Maggie
 13240 | Lair:2   | Killed Maggie
 13290 | Lair:2   | Reached skill level 10 in Dodging
 13297 | Lair:2   | Reached skill level 10 in Invocations
 13359 | Lair:2   | Noticed a six-headed hydra
 13372 | Lair:2   | Killed a six-headed hydra
 13841 | Lair:2   | Noticed a four-headed hydra
 13883 | Lair:2   | Killed a four-headed hydra
 14374 | D:4      | Bought the brooch of Shielding {Spirit SH+8} for 653 gold
                  | pieces
 14374 | D:4      | Found the brooch of Shielding {Spirit SH+8}
 14519 | Lair:1   | Gained mutation: Your thick and shaggy fur keeps you warm.
                  | (AC +3, rC+) [Felid growth]
 14519 | Lair:1   | Reached XP level 12. HP: 39/44 MP: 9/20
 14745 | D:8      | Reached skill level 1 in Translocations
 15029 | Lair:1   | Received a gift from Nemelex Xobeh
 15325 | Lair:1   | Noticed Grum
 15350 | Lair:1   | Killed Grum
 15884 | Lair:2   | Found a runed translucent door.
 15885 | Lair:2   | Noticed Rarufug's ghost (journeyman PaAK)
 16162 | Lair:3   | Found a staircase to the Swamp.
 16244 | Lair:3   | Received a gift from Nemelex Xobeh
 16937 | Lair:3   | Reached skill level 5 in Spellcasting
 17446 | Lair:3   | Found a hole to the Spider Nest.
 17776 | Lair:4   | Learned a level 4 spell: Iskenderun's Mystic Blast
 18105 | Lair:4   | Reached ***** piety under Nemelex Xobeh
 18108 | Lair:4   | Noticed Urug
 18110 | Lair:4   | Killed Urug
 18110 | Lair:4   | Reached skill level 1 in Conjurations
 18259 | Lair:4   | Noticed an eight-headed hydra
 18279 | Lair:4   | Killed an eight-headed hydra
 18381 | Lair:4   | Received a gift from Nemelex Xobeh
 18932 | Lair:4   | Noticed an eight-headed hydra
 18953 | Lair:4   | Noticed a ghost moth
 18953 | Lair:4   | an eight-headed hydra changed into a ghost moth
 18957 | Lair:4   | Killed a ghost moth
 19343 | Lair:4   | Received a gift from Nemelex Xobeh
 19551 | Lair:4   | Received a gift from Nemelex Xobeh
 19764 | Lair:4   | Reached XP level 13. HP: 44/47 MP: 7/23
 19987 | Lair:5   | Found a glowing golden altar of the Shining One.
 20020 | Lair:5   | Noticed Kirke
 20033 | Lair:4   | Noticed a sphinx
 20035 | Lair:4   | Killed Kirke
 20097 | Lair:5   | Noticed Sonja
 20424 | Lair:5   | Killed Sonja
 20688 | Lair:5   | Received a gift from Nemelex Xobeh
 21399 | Lair:5   | Reached skill level 5 in Conjurations
 21961 | Lair:5   | Received a gift from Nemelex Xobeh
 22149 | Lair:6   | Entered Level 6 of the Lair of Beasts
 22231 | Lair:6   | Slain by a crocodile
 22232 | Lair:6   | Reached XP level 12. HP: -1/44 MP: 0/22
 22238 | Lair:6   | Identified the +2 trident of the Valley {pain, MR+ Dex+3}
 22534 | Lair:6   | Noticed a four-headed hydra
 22542 | Lair:6   | Killed a four-headed hydra
 22618 | Lair:6   | Found a staircase to the Slime Pits.
 22667 | Lair:6   | Received a gift from Nemelex Xobeh
 23158 | Lair:6   | Noticed a catoblepas
 23170 | Lair:6   | Killed a catoblepas
 23211 | Lair:6   | Noticed a death yak
 23214 | Lair:6   | Noticed a catoblepas
 23218 | Lair:6   | Noticed a death yak
 23240 | Lair:6   | Killed a death yak
 23306 | Lair:6   | Noticed a death yak
 23333 | Lair:6   | Noticed a catoblepas
 23336 | Lair:6   | Killed a death yak
 23336 | Lair:6   | Reached XP level 13. HP: 44/47 MP: 24/24
 24336 | Lair:6   | Slain by a catoblepas
 24337 | Lair:6   | Reached XP level 12. HP: 0/44 MP: 0/24
 24369 | Lair:6   | Killed a catoblepas
 24446 | Lair:6   | Noticed a catoblepas
 24455 | Lair:6   | Killed a catoblepas
 24551 | Lair:6   | Learned a level 6 spell: Statue Form
 24782 | D:10     | Received a gift from Nemelex Xobeh
 25558 | D:10     | Reached skill level 1 in Fighting
 25931 | D:11     | Received a gift from Nemelex Xobeh
 26425 | D:11     | Noticed a two-headed ogre
 26443 | D:11     | Killed a two-headed ogre
 26668 | D:12     | Received a gift from Nemelex Xobeh
 26725 | D:12     | Reached ****** piety under Nemelex Xobeh
 27024 | D:12     | Found Gihaosmeli's Armour Emporium.
 27034 | D:12     | Noticed an eight-headed hydra
 27035 | D:12     | Found Voimih's Assorted Antiques.
 27039 | D:12     | Found Teec's Antique Armour Emporium.
 27063 | D:12     | Killed an eight-headed hydra
 27063 | D:12     | Reached XP level 13. HP: 44/51 MP: 9/25
 27367 | D:12     | Received a gift from Nemelex Xobeh
 27579 | D:12     | Found a staircase to the Orcish Mines.
 27585 | D:12     | Found a roughly hewn altar of Beogh.
 27847 | Orc:1    | Entered Level 1 of the Orcish Mines
 27867 | Orc:1    | Found Neoni's General Store.
 27875 | Orc:1    | Bought a scroll of fear for 52 gold pieces
 27912 | Orc:2    | Entered Level 2 of the Orcish Mines
 27954 | Orc:1    | Found a roughly hewn altar of Beogh.
 27964 | Orc:1    | Found Zaoc's Gadget Boutique.
 27972 | Orc:1    | Bought a condenser vane (2/2) for 260 gold pieces
 27975 | Orc:1    | Received a gift from Nemelex Xobeh
 28298 | Orc:2    | Found a staircase to the Elven Halls.
 28319 | Orc:2    | Found a roughly hewn altar of Beogh.
 28376 | Orc:1    | Noticed Harold
 28376 | Orc:1    | Noticed a stone giant
 28615 | Orc:1    | Found Acvi's General Store.
 28616 | Orc:1    | Found Tamaes's Armour Shop.
 28618 | Orc:1    | Found Faubif's Gadget Emporium.
 28866 | Orc:1    | Killed Harold
 29280 | Orc:2    | Killed a stone giant
 29405 | Orc:2    | Received a gift from Nemelex Xobeh
 29408 | Orc:2    | Noticed Snorg
 29422 | Orc:2    | Killed Snorg
 29422 | Orc:2    | Reached skill level 1 in Earth Magic
 29488 | Orc:2    | Noticed Donald
 29503 | Orc:2    | Killed Donald
 29503 | Orc:2    | Reached skill level 1 in Transmutations
 29549 | Orc:2    | Reached skill level 5 in Fighting
 29882 | Orc:2    | Noticed Rupert
 29888 | Orc:2    | Killed Rupert
 30122 | Orc:2    | Found Orghipt's Weapon Shop.
 30442 | Orc:2    | Reached skill level 5 in Earth Magic
 30747 | Orc:1    | Upgraded the game from 0.26-a0-597-gb535b0901c to
                  | 0.26-a0-598-g61e6210cf4
 30819 | Orc:2    | Reached XP level 14. HP: 47/60 MP: 9/27
 31004 | Orc:2    | Found Vyqenwao's Jewellery Shoppe.
 31004 | Orc:2    | Found Sifeakha's Jewellery Shop.
 31005 | Orc:2    | Found Oghe's Weapon Shop.
 31005 | Orc:2    | Found Atoesei's Magic Scroll Emporium.
 31012 | Orc:2    | Bought the ring "Ocsuis" {rF+ rN+ EV+4 Str+3 SInv} for 970
                  | gold pieces
 31443 | D:4      | Bought a book of Power for 450 gold pieces
 31628 | D:13     | Noticed Zuilysosh's ghost (journeyman DsEE)
 31629 | D:13     | Found a transporter.
 31662 | D:13     | Noticed Frances
 32099 | D:13     | Found a transporter.
 32145 | D:14     | Received a gift from Nemelex Xobeh
 33543 | D:13     | Found a gate to the Vaults.
 33654 | D:13     | Received a gift from Nemelex Xobeh
 33696 | D:13     | Noticed Frances
 33696 | D:13     | Frances changed into Frances the eight-headed hydra
 33701 | D:13     | Killed Frances the eight-headed hydra
 35283 | D:14     | Received a gift from Nemelex Xobeh
 35422 | D:15     | Entered Level 15 of the Dungeon
 35503 | D:15     | Reached skill level 5 in Transmutations
 36242 | D:15     | Found a white marble altar of Elyvilon.
 36374 | D:15     | Slain by a catoblepas
 36375 | D:15     | Reached XP level 13. HP: -2/59 MP: 0/26
 36443 | D:15     | Received a gift from Nemelex Xobeh
 36691 | D:15     | Reached XP level 14. HP: 53/63 MP: 23/27
 37213 | D:15     | Reached skill level 10 in Earth Magic
 37319 | D:15     | Found a staircase to the Depths.
 37632 | Orc:2    | Bought an uncursed ring of poison resistance for 200 gold
                  | pieces
 37883 | Swamp:1  | Entered Level 1 of the Swamp
 38023 | Swamp:1  | HP: 2/64 [vampire mosquito (6)]
 38630 | Swamp:1  | Received a gift from Nemelex Xobeh
 39424 | Swamp:2  | Noticed a thorn hunter
 39424 | Swamp:2  | a shambling mangrove changed into a thorn hunter
 39428 | Swamp:2  | Killed a thorn hunter
 39587 | Swamp:2  | Noticed a thorn hunter
 39587 | Swamp:2  | a shambling mangrove changed into a thorn hunter
 39592 | Swamp:2  | Killed a thorn hunter
 39925 | Swamp:2  | Found a runed translucent door.
 40552 | Swamp:2  | Received a gift from Nemelex Xobeh
 40971 | Swamp:3  | Noticed a thorn hunter
 40971 | Swamp:3  | a shambling mangrove changed into a thorn hunter
 40974 | Swamp:3  | Killed a thorn hunter
 41931 | Swamp:3  | Reached skill level 10 in Fighting
 42213 | Swamp:4  | Entered Level 4 of the Swamp
 42373 | Spider:1 | Entered Level 1 of the Spider Nest
 42373 | Spider:1 | Received a gift from Nemelex Xobeh
 42417 | Spider:1 | Reached XP level 15. HP: 47/69 MP: 13/28
 43643 | Spider:1 | Learned a level 6 spell: Iron Shot
 44067 | Spider:1 | Reached skill level 15 in Invocations
 44780 | Spider:1 | Reached skill level 1 in Evocations
 45501 | Spider:1 | Received a gift from Nemelex Xobeh
 46938 | Spider:2 | Noticed a ghost moth
 46950 | Spider:2 | Killed a ghost moth
 47940 | Spider:2 | Received a gift from Nemelex Xobeh
 48113 | Spider:2 | HP: 2/69 [demonic crawler (9)]
 49071 | Spider:3 | Noticed Arachne
 49083 | Spider:3 | Identified the +5 demon trident of Darkness {vamp, rN+ MR+}
 49096 | Spider:3 | Killed Arachne
 49799 | Spider:3 | Reached skill level 10 in Transmutations
 50175 | Spider:3 | Received a gift from Nemelex Xobeh
 50904 | Orc:2    | Bought the amulet "Ejamnumu" {rF++ Regen+ Slay+3} for 671
                  | gold pieces
 51258 | Swamp:3  | Reached XP level 16. HP: 25/73 MP: 0/30
 51870 | Swamp:4  | Identified the +0 quarterstaff "Dualoc" {freeze, rF+}
 52418 | Swamp:4  | Noticed the 27-headed Lernaean hydra
 52420 | Swamp:4  | Banished the 27-headed Lernaean hydra
 52869 | Swamp:4  | Received a gift from Nemelex Xobeh
 52972 | Swamp:4  | Mangled by an alligator
 52973 | Swamp:4  | Reached XP level 15. HP: -6/69 MP: 26/29
 53284 | Swamp:4  | Got a decaying rune of Zot
 53740 | Spider:4 | Entered Level 4 of the Spider Nest
 53762 | Spider:4 | Reached skill level 5 in Evocations
 54447 | Spider:4 | Received a gift from Nemelex Xobeh
 54479 | Spider:4 | Noticed Nikola
 54482 | Spider:4 | Killed from afar by Nikola
 54483 | Spider:4 | Reached XP level 14. HP: -18/66 MP: 28/28
 54579 | Spider:4 | Noticed an entropy weaver
 54604 | Spider:4 | Noticed an entropy weaver
 54756 | Spider:4 | Banished Nikola
 54756 | Spider:4 | Reached skill level 10 in Conjurations
 54854 | Spider:4 | Noticed an emperor scorpion
 54855 | Spider:4 | Killed an entropy weaver
 54855 | Spider:4 | Reached XP level 15. HP: 69/69 MP: 11/29
 55028 | Spider:4 | Noticed Agnes
 55038 | Spider:4 | Killed Agnes
 55356 | Spider:4 | Noticed a ghost moth
 55666 | Spider:4 | Noticed a ghost moth
 55693 | Spider:4 | Killed a ghost moth
 55906 | Spider:4 | Killed a ghost moth
 56045 | Spider:4 | Reached skill level 10 in Spellcasting
 56302 | Spider:4 | Got a gossamer rune of Zot
 56655 | Vaults:1 | Entered Level 1 of the Vaults
 56906 | Vaults:1 | Received a gift from Nemelex Xobeh
 56914 | Vaults:1 | Noticed a deep elf sorcerer
 56939 | Vaults:1 | Killed a deep elf sorcerer
 57783 | Vaults:1 | Identified a scroll of acquirement
 57783 | Vaults:1 | Acquired a book of the Dragon
 57790 | Vaults:1 | Learned a level 4 spell: Cause Fear
 57819 | Vaults:1 | Reached XP level 16. HP: 60/73 MP: 31/31
 58316 | Vaults:1 | Received a gift from Nemelex Xobeh
 59438 | Vaults:2 | Found a huge runed gate.
 59439 | Vaults:2 | Found a huge runed gate.
 59440 | Vaults:2 | Found a huge runed gate.
 59440 | Vaults:2 | Found a huge runed gate.
 59440 | Vaults:2 | Found a huge runed gate.
 59440 | Vaults:2 | Found a huge runed gate.
 59441 | Vaults:2 | Found a huge runed gate.
 59441 | Vaults:2 | Found a huge runed gate.
 59441 | Vaults:2 | Found a huge runed gate.
 59441 | Vaults:2 | Found a huge runed gate.
 59442 | Vaults:2 | Received a gift from Nemelex Xobeh
 59444 | Vaults:2 | Found a huge runed gate.
 59444 | Vaults:2 | Found a huge runed gate.
 59444 | Vaults:2 | Found a huge runed gate.
 59444 | Vaults:2 | Found a huge runed gate.
 59444 | Vaults:2 | Found a huge runed gate.
 59444 | Vaults:2 | Found a huge runed gate.
 59444 | Vaults:2 | Found a huge runed gate.
 59445 | Vaults:2 | Found a huge runed gate.
 59446 | Vaults:2 | Found a huge runed gate.
 59454 | Vaults:2 | Found a huge runed gate.
 59454 | Vaults:2 | Found a huge runed gate.
 59454 | Vaults:2 | Found a huge runed gate.
 59454 | Vaults:2 | Found a huge runed gate.
 59454 | Vaults:2 | Found a huge runed gate.
 59454 | Vaults:2 | Found a huge runed gate.
 59454 | Vaults:2 | Found a huge runed gate.
 59455 | Vaults:2 | Found a huge runed gate.
 59456 | Vaults:2 | Found a huge runed gate.
 59464 | Vaults:2 | Found a huge runed gate.
 59464 | Vaults:2 | Found a huge runed gate.
 59464 | Vaults:2 | Found a huge runed gate.
 59464 | Vaults:2 | Found a huge runed gate.
 59464 | Vaults:2 | Found a huge runed gate.
 59464 | Vaults:2 | Found a huge runed gate.
 59464 | Vaults:2 | Found a huge runed gate.
 59465 | Vaults:2 | Found a huge runed gate.
 60159 | Vaults:2 | Noticed a Brimstone Fiend
 60219 | Vaults:2 | Noticed a Brimstone Fiend
 60411 | Vaults:2 | Noticed a Brimstone Fiend
 60470 | Vaults:2 | Noticed an Ice Fiend
 60910 | Vaults:2 | Received a gift from Nemelex Xobeh
 61037 | Vaults:2 | Reached skill level 15 in Earth Magic
 61180 | Vaults:2 | Reached XP level 17. HP: 76/76 MP: 32/32
 61591 | Vaults:2 | Found Omuexen's Assorted Antiques.
 61904 | Vaults:3 | HP: 3/76 [vault warden/+0 bardiche (43)]
 62004 | Vaults:3 | Acquired 2500 gold pieces
 62360 | Vaults:3 | Received a gift from Nemelex Xobeh
 63736 | Vaults:3 | Paralysed by a wizard for 5 turns
 63752 | Vaults:3 | Found a staircase to the Crypt.
 63752 | Vaults:3 | Found an ancient bone altar of Kikubaaqudgha.
 63753 | Vaults:3 | Found a basalt altar of Yredelemnul.
 63911 | Vaults:3 | Reached XP level 18. HP: 80/80 MP: 27/33
 64120 | Vaults:4 | Reached skill level 10 in Evocations
 64197 | Vaults:4 | Received a gift from Nemelex Xobeh
 64495 | Vaults:4 | Received a gift from Nemelex Xobeh
 64703 | Vaults:4 | Noticed a tentacled monstrosity
 64712 | Vaults:4 | Killed a tentacled monstrosity
 65116 | Vaults:4 | Received a gift from Nemelex Xobeh
 65418 | Vaults:4 | Gained mutation: You are resistant to hostile enchantments.
                  | (MR+) [a shining eye]
 65814 | Elf:1    | Entered Level 1 of the Elven Halls
 66127 | Elf:1    | Received a gift from Nemelex Xobeh
 66531 | Elf:1    | Received a gift from Nemelex Xobeh
 66642 | Elf:1    | You fall into a shaft and drop 1 floor!
 67015 | Elf:2    | Found a runed translucent gate.
 67015 | Elf:2    | Found a runed translucent gate.
 67015 | Elf:2    | Found a runed translucent gate.
 67139 | Elf:2    | Reached XP level 19. HP: 83/84 MP: 30/34
 67170 | Elf:2    | Found a runed translucent door.
 67176 | Elf:2    | Reached skill level 15 in Dodging
 67199 | Elf:2    | Noticed Onoura's ghost (adept CeHu)
 67340 | Elf:2    | Killed Onoura's ghost
 67348 | Elf:2    | Got an ancient bone ring
 67354 | Elf:2    | Identified the ring "Haeveon" {rC+ MR+ Stlth-} (You found
                  | it on level 2 of the Elven Halls)
 68033 | Elf:2    | Received a gift from Nemelex Xobeh
 68553 | Elf:1    | Reached skill level 15 in Stealth
 68815 | Elf:3    | Entered Level 3 of the Elven Halls
 69115 | Elf:3    | Received a gift from Nemelex Xobeh
 69391 | Elf:3    | Received a gift from Nemelex Xobeh
 69954 | Elf:3    | Identified the -1 trident of the Desert {vorpal, rN+ Str+7}
 69962 | Elf:3    | Noticed a Brimstone Fiend
 70364 | Elf:3    | Identified the cursed +1 quarterstaff "Hydrabane" {vorpal,
                  | rN+ Int+9 Dex-4}
 70550 | Elf:3    | Identified the cursed +1 lajatang "Ripset" {freeze, rN+}
 70550 | Elf:3    | Identified the amulet of Kokkeguq {MR+ Regen+ Stlth+}
 70677 | Elf:3    | Reached skill level 15 in Conjurations
 70812 | Elf:3    | Identified the +5 shadow dragon scales of the Arcane {Harm
                  | Str+4 Dex-3 SInv Stlth++++}
 70813 | Elf:3    | Identified a ring of the Octopus King {rF+ AC+1 EV+1 Str+1
                  | Int+1 Dex+1}
 70865 | Elf:3    | Identified Xeliedd's Grimoire of Aerial Evil Magic
 71400 | Crypt:1  | Entered Level 1 of the Crypt
 71680 | Crypt:1  | Noticed a bone dragon
 72204 | Crypt:1  | Learned a level 7 spell: Orb of Destruction
 72281 | Crypt:1  | Reached XP level 20. HP: 88/88 MP: 9/36
 73080 | Crypt:1  | Killed a bone dragon
 73725 | Crypt:2  | Received a gift from Nemelex Xobeh
 74754 | Crypt:3  | Entered Level 3 of the Crypt
 74860 | Crypt:3  | Found a transporter.
 75132 | Crypt:3  | Noticed Sojobo
 75295 | Crypt:3  | Noticed an ancient lich
 75304 | Crypt:2  | Killed Sojobo
 75360 | Crypt:3  | Killed an ancient lich
 75683 | Crypt:3  | Found a transporter.
 75877 | Crypt:3  | Identified the +5 long sword of Inconvenience {distort,
                  | rPois Dex+6}
 75887 | Crypt:3  | Found a one-way gate to the infinite horrors of the Abyss.
 75888 | Crypt:3  | Noticed Zezozy's ghost (veteran GrFi)
 75895 | Crypt:3  | Received a gift from Nemelex Xobeh
 76295 | Crypt:3  | Received a gift from Nemelex Xobeh
 76296 | Crypt:3  | Found the +7 sceptre of Torment {pain, torment}
 76537 | Crypt:3  | Found a basalt altar of Yredelemnul.
 76871 | Crypt:3  | Got a crude pewter ring
 76871 | Crypt:3  | Got a twitching iron ring
 76872 | Crypt:3  | Identified the ring "Bewanok" {*Corrode rPois rF+ rN+
                  | Dex+8} (You found it on level 3 of the Crypt)
 76873 | Crypt:3  | Identified the ring "Tyisoump" {rPois rN+ SInv Stlth+} (You
                  | found it on level 3 of the Crypt)
 77016 | Crypt:3  | Reached XP level 21. HP: 91/91 MP: 32/38
 77173 | Crypt:3  | Found a staircase to the Tomb.
 78143 | D:4      | Bought a book of Hexes for 500 gold pieces
 78143 | D:4      | Bought a book of Party Tricks for 500 gold pieces
 78150 | D:4      | Learned a level 6 spell: Invisibility
 78403 | Depths:1 | Entered Level 1 of the Depths
 78453 | Depths:1 | Noticed Mara
 78458 | Depths:1 | Noticed MrRokkomies's illusion
 78479 | Depths:1 | Noticed MrRokkomies's illusion
 78485 | Depths:1 | Noticed Mara
 78485 | Depths:1 | Mara changed into Mara the hell rat
 78487 | Depths:1 | Killed Mara the hell rat
 78645 | Depths:1 | Found Fobus's Fabulous Fripperies.
 78873 | Depths:1 | Received a gift from Nemelex Xobeh
 79034 | Depths:1 | Found a gateway to Hell.
 79109 | Depths:1 | Found a glowing golden altar of the Shining One.
 79547 | Depths:1 | You fall into a shaft and drop 1 floor!
 79551 | Depths:2 | Noticed Aizul
 79588 | Depths:2 | Killed Aizul
 79672 | Depths:2 | Acquired the Reference Book on Transformation and the
                  | Mountains
 79758 | Depths:2 | Received a gift from Nemelex Xobeh
 79931 | Depths:1 | Found a shattered altar of Ashenzari.
 79933 | Depths:1 | Found a hazy altar of Hepliaklqana.
 79933 | Depths:1 | Found a shimmering altar of Xom.
 79935 | Depths:1 | Found a shimmering altar of Xom.
 79935 | Depths:1 | Found a white marble altar of Elyvilon.
 79935 | Depths:1 | Found a white marble altar of Elyvilon.
 80160 | Depths:2 | You fall into a shaft and drop 2 floors!
 80163 | Depths:4 | Received a gift from Nemelex Xobeh
 80209 | Depths:4 | Noticed a golden dragon
 80236 | Depths:4 | Killed a golden dragon
 80236 | Depths:4 | Reached skill level 15 in Unarmed Combat
 80625 | Depths:3 | Found a one-way gate leading to the halls of Pandemonium.
 81465 | Depths:2 | Noticed a greater mummy
 81472 | Depths:2 | Killed a greater mummy
 81472 | Depths:2 | Reached XP level 22. HP: 99/99 MP: 5/40
 81911 | Depths:3 | Received a gift from Nemelex Xobeh
 81951 | Depths:3 | Killed from afar by an ice dragon
 81952 | Depths:3 | Reached XP level 21. HP: 0/123 MP: 23/39
 82127 | Depths:3 | Slain by a frost giant
 82128 | Depths:3 | Reached XP level 20. HP: -3/118 MP: 4/38
 82130 | Depths:3 | Identified the +9 great sword "Namuycy" {venom, rElec
                  | rPois}
 82290 | Depths:3 | Identified the +9 quarterstaff of the Moth {vorpal, +Rage
                  | rF++ rC- SInv}
 82625 | Depths:3 | Noticed a caustic shrike
 82635 | Depths:3 | Killed a caustic shrike
 83427 | Depths:3 | Received a gift from Nemelex Xobeh
 83435 | Depths:3 | Noticed a juggernaut
 83480 | Depths:3 | Killed a juggernaut
 84343 | Depths:4 | Reached XP level 21. HP: 97/97 MP: 13/39
 84763 | Depths:4 | Acquired a book of Geomancy
 85277 | Depths:4 | Received a gift from Nemelex Xobeh
 85411 | Depths:5 | Entered Level 5 of the Depths
 85415 | Depths:5 | Found a gateway to a ziggurat.
 85547 | Depths:5 | Found Tatem's Antique Armour Emporium.
 85934 | Depths:5 | Found Fere's Armour Emporium.
 86391 | Depths:5 | Found Qioffu's Weapon Shop.
 86457 | Depths:5 | Found Oweyl's Assorted Antiques.
 86463 | Depths:5 | Bought a scroll of immolation for 171 gold pieces
 86463 | Depths:5 | Bought a scroll of summoning for 465 gold pieces
 87114 | Depths:5 | Received a gift from Nemelex Xobeh
 87114 | Depths:5 | Found a gate to the Realm of Zot.
 87114 | Depths:5 | Noticed a golden dragon
 87128 | Depths:5 | Killed a golden dragon
 87932 | Slime:1  | Entered Level 1 of the Pits of Slime
 88377 | Slime:5  | Entered Level 5 of the Pits of Slime
 88431 | Slime:5  | Noticed the Royal Jelly
 88444 | Slime:5  | Killed the Royal Jelly
 88613 | Slime:5  | Found the +7 Singing Sword {vorpal, sonic wave}
 88741 | Slime:5  | Got a translucent golden ring
 88742 | Slime:5  | Identified the ring of the Visionary {Wiz Int+3} (You found
                  | it on level 5 of the Pits of Slime)
 88836 | Slime:5  | Got a slimy rune of Zot
 89029 | Slime:5  | Reached skill level 15 in Fighting
 89029 | Slime:5  | Reached XP level 22. HP: 105/105 MP: 20/40
 90003 | Zot:1    | Entered Level 1 of the Realm of Zot
 90342 | Zot:1    | Noticed a golden dragon
 90349 | Zot:1    | Killed a golden dragon
 90400 | Zot:1    | Noticed a golden dragon
 90412 | Zot:1    | Killed a golden dragon
 90569 | Zot:1    | Received a gift from Nemelex Xobeh
 90700 | Zot:1    | Noticed a golden dragon
 90706 | Zot:1    | Killed a golden dragon
 91375 | Zot:1    | Received a gift from Nemelex Xobeh
 91451 | Zot:2    | Noticed a golden dragon
 91718 | Zot:2    | Noticed a golden dragon
 91728 | Zot:1    | Killed a golden dragon
 91792 | Zot:1    | Killed a golden dragon
 91857 | Zot:2    | Noticed an orb of fire
 91870 | Zot:2    | Killed an orb of fire
 92363 | Zot:2    | Noticed a Killer Klown
 92368 | Zot:2    | Killed a Killer Klown
 92368 | Zot:2    | Reached XP level 23. HP: 108/108 MP: 15/42
 92734 | Zot:2    | Received a gift from Nemelex Xobeh
 93769 | Zot:2    | Noticed a Killer Klown
 93790 | Zot:2    | Noticed an orb of fire
 93794 | Zot:2    | Gained mutation: You are clumsy. (Dex -2) [an orb of fire]
 93804 | Zot:2    | Killed a Killer Klown
 93804 | Zot:2    | Reached skill level 15 in Spellcasting
 93831 | Zot:2    | Killed an orb of fire
 94696 | Zot:3    | Noticed a Killer Klown
 94710 | Zot:3    | Killed a Killer Klown
 95119 | Zot:3    | Noticed an ancient lich
 95120 | Zot:3    | Noticed a Killer Klown
 95127 | Zot:3    | Killed a Killer Klown
 95127 | Zot:3    | Reached XP level 24. HP: 112/112 MP: 29/43
 95129 | Zot:3    | Killed an ancient lich
 95213 | Zot:3    | Noticed a Killer Klown
 95224 | Zot:3    | Killed a Killer Klown
 95310 | Zot:3    | Received a gift from Nemelex Xobeh
 95751 | Zot:3    | Received a gift from Nemelex Xobeh
 96035 | Zot:3    | Reached skill level 15 in Evocations
 96084 | Zot:3    | Learned a level 5 spell: Lee's Rapid Deconstruction
 96395 | Zot:3    | Received a gift from Nemelex Xobeh
 97739 | Zot:4    | Received a gift from Nemelex Xobeh
 97762 | Zot:4    | Identified the +2 trident of the Shrike {flame, Dex+3}
 98545 | Zot:5    | Entered Level 5 of the Realm of Zot
 98887 | Zot:5    | HP: 2/145 [Orb Guardian (23)]
 98887 | Zot:5    | Slain by an Orb Guardian

Illustrated notes

Levels and vault maps discovered:
D:1:      minmay_arrival_checkered_box, layout_loops_cross
D:2:      layout_basic, grunt_temple_overflow_order_and_chaos_2,
          minmay_randomly_rotated_circles, uniq_sigmund
D:3:      layout_basic, chequers_temple_overflow_statue_of_worship,
          chequers_ecumenical_altar_simple_redux, minmay_door_square,
          nrook_campfire, chequers_serial_rivers_large_a
D:4:      layout_loops_ring, overflow_temple_1_default, lemuel_crystal_altar,
          minmay_temple_entry_trees, serial_shops, kennysheep_little_box,
          kennysheep_small_square, uniq_crazy_yiuf_cottage, uniq_pikel,
          uniq_duvessa
D:5:      layout_gridville, basic_altar, minmay_liquid_box,
          nemelex_dance_club_becter
D:6:      layout_rooms, ebering_ghost_reflecting_pool,
          nicolae_ashenzari_panopticon
D:7:      layout_gridville, okawaru_metal_pillars_1_2,
          overflow_temple_1_default, marbit_many_paths
D:8:      layout_cave_pools, lemuel_coloured_pillars_altar,
          grunt_lair_entry_orc_guard_hut, chequers_garden, uniq_maurice
D:9:      minmay_thinvault, layout_small_grid, serial_shops, shop,
          shop_fountains, nicolae_shop_trees, nicolae_dithmenos_the_darkroom
D:10:     minmay_diamond_stairs, layout_basic
D:11:     layout_basic
D:12:     layout_basic, minmay_orc_entry_temple_small, serial_shops, shop, shop,
          shop
D:13:     layout_loops_ring, david_vaults_2, gammafunk_ghost_stat_death,
          uniq_frances
D:14:     layout_loops_ring, minivault_4, chequers_serial_rivers_room_a,
          grunt_decor_mini_mirrors
D:15:     gammafunk_enter_depths_forms, layout_basic, elyvilon_altar_4
Lair:1:   layout_regular_city, portal_ice_cave_entry_ice_beasts,
          infiniplex_staircase_pool, grunt_megastairs_2, uniq_grum
Lair:2:   layout_small_grid, gammafunk_ghost_grave, infiniplex_staircase_pool_2,
          uniq_maggie
Lair:3:   pond_and_an_island_with_a_cottage, layout_big_grid, swamp_mist_pool,
          nicolae_spider_entry_tight_spaces, chequers_serial_rivers_micro_d,
          minivault_27, minivault_23, lemuel_fruit_tree
Lair:4:   layout_gridlike, st_stairs_3, uniq_urug
Lair:5:   layout_cave_pods, basic_altar, kilobyte_rumbling_trees, uniq_kirke,
          uniq_sonja
Lair:6:   evilmike_catoblepas_cave, layout_cave_pods, minmay_slime_entry_pillars
Swamp:1:  layout_basic_swamp, evilmike_swamp_ruin_rubble_1
Swamp:2:  gammafunk_mikee_crab_dinner, layout_basic_swamp,
          hangedman_swamp_diagram
Swamp:3:  layout_basic_swamp, hangedman_swamp_blocks, swamp_pool1
Swamp:4:  swamp_old_school, layout_basic_swamp
Spider:1: lemuel_spider_zombies, einodemon_crawler_minivault
Spider:2: layout_spider_delve
Spider:3: layout_spider_delve, uniq_arachne
Spider:4: spider_rune_water, nicolae_arachne_temple, uniq_agnes, uniq_nikola
Slime:1:  layout_caves
Slime:2:  layout_caves
Slime:3:  layout_caves, nicolae_slime_barrier
Slime:4:  layout_caves
Slime:5
Orc:1:    layout_diamond_mine, serial_shops, shop, nicolae_shop_stone, shop,
          shop, shop, basic_altar, uniq_harold
Orc:2:    st_orc_ogre_mass, layout_diamond_mine, serial_shops,
          nicolae_shop_waterfront, mines2_david, uniq_snorg, uniq_donald,
          uniq_rupert
Elf:1:    layout_geoelf_octagon, kennysheep_underground_church
Elf:2:    layout_geoelf_octagon, gammafunk_ghost_grave, special_room
          [special_room_mythical_zoo]
Elf:3:    elf_hall_gauntlet_wide, layout_onion_city
Vaults:1: nicolae_vaults_network_star, v_misc_9, v_misc_2, v_misc_18,
          vaults_room_large_hall, nicolae_vaults_little_squares_4,
          vaults_dpeg_encased_lava, hangedman_vaults_impose,
          nicolae_vaults_little_squares_2, vaults_room_grunt_arrival_ludios,
          nicolae_vaults_ring_of_whatevers, grunt_vaults_twisty,
          nicolae_vaults_angled_halls, ontoclasm_vaults_gallery,
          layout_vaults_ring
Vaults:2: v_misc_12, v_pattern_3, v_misc_14, ontoclasm_vaults_twist,
          hangedman_vaults_stream, ontoclasm_vaults_hangar,
          vaults_not_door_vault_mu, nicolae_vaults_an_arrangement,
          nicolae_vaults_mini_display_case, hangedman_vaults_pinch, v_misc_2,
          grunt_vaults_diagonal, grunt_vaults_focal, vaults_room_door_ring,
          vaults_room_pool, layout_vaults_maze, serial_shops, shop_statue
Vaults:3: vaults_room_glass_cross, vaults_room_stairs_pillars, vaults_dpeg_ring,
          minmay_crypt_entry_necro_gods, vaults_mumra_hexcomb, v_pattern_2,
          vaults_mumra_chevron_long, ontoclasm_vaults_idyll,
          ontoclasm_vaults_ring_square, nicolae_vaults_rhombus_5,
          layout_vaults_omnibox
Vaults:4: grunt_vaults_trifunnel, st_cross, ontoclasm_vaults_fault,
          nicolae_vaults_rhombus_5, ontoclasm_vaults_hangar,
          vaults_dpeg_diagonal, v_alt_pattern_6, vaults_room_door_hall,
          v_misc_22, layout_vaults_omnigrid
Crypt:1:  hangedman_staggered_hall, layout_misc_corridors, st_stairs_13
Crypt:2:  layout_chaotic_city, glass_columns_a, tombwall_bobbens
Crypt:3:  church_of_pain_bobbens, layout_chaotic_city,
          nicolae_tomb_entry_grand_gallery, gammafunk_ghost_abyssal_escape,
          st_burial_chamber, uniq_sojobo
Depths:1: layout_roguey, tso_altar, pf_vacation_house_of_asmodeus, abyss_entry,
          nicolae_alphabet_shops, doesnt_xom_only_xom, grunt_megastairs_4,
          uniq_mara
Depths:2: lemuel_minitomb, layout_cave_pools, abyss_entry, grunt_mini_vestibule,
          uniq_aizul
Depths:3: hangedman_pleasuredromes, pan_entry, hell_entry
Depths:4: kennysheep_green_arena, layout_cross, hangedman_decor_lopped,
          hellmouth_1, abyss_entry, infiniplex_staircase_star
Depths:5: grunt_bruiser_brothers, layout_basic, enter_ziggurat_a, abyss_entry,
          hell_entry, serial_shops, nicolae_shop_stone, nicolae_shop_trees,
          shop, nicolae_shop_behind_doors, chequers_serial_rivers_micro_c,
          serial_bayou_shore_b
Zot:1:    kennysheep_ambush_hall, layout_cathedral_of_symmetry, st_stairs_12
Zot:2:    grunt_zot_stairs_mandelzot, layout_misc_corridors,
          st_large_dragon_hoard_4
Zot:3:    grunt_deathspiral_small, layout_onion_interference,
          lemuel_baited_zot_trap, st_small_dragon_hoard_4
Zot:4:    layout_concentric_octagons, st_small_dragon_hoard_2
Zot:5:    layout_onion

Skill      XL: |  1  2  3  4  5  6  7  8  9 10 11 12 13 14 15 16 17 18 19 20 21 22 23 24 |
---------------+-------------------------------------------------------------------------+-----
Hexes          | 5 6 7 8 9 10 12 | 12.0
Dodging        | 3 4 5 6 7 8 10 12 14 16 18 19 20 | 20.0
Unarmed Combat | 2 3 4 5 6 7 9 10 12 13 14 15 | 15.0
Stealth        | 5 6 7 8 10 12 13 14 15 17 18 | 18.7
Invocations    | 2 3 5 7 8 10 13 12 14 15 18 19 20 | 20.0
Spellcasting   | 3 7 8 10 11 12 13 14 15 17 | 17.4
Translocations | 4 |  4.0
Conjurations   | 6 8 10 11 12 13 14 15 17 18 | 18.0
Fighting       | 2 6 10 13 15 12 | 15.0
Earth Magic    | 5 11 14 15 | 15.0
Transmutations | 3 7 10 | 10.0
Evocations     | 7 8 9 10 11 13 16 | 16.3

Action                   |  1- 3 |  4- 6 |  7- 9 | 10-12 | 13-15 | 16-18 | 19-21 | 22-24 || total
-------------------------+-------+-------+-------+-------+-------+-------+-------+-------++-------
Melee: Unarmed           |    69 |    24 |   254 |   738 |  1850 |   935 |  1870 |   765 ||  6505
       Bite              |     3 |     1 |    22 |    65 |   205 |   100 |   199 |    65 ||   660
       Punch             |       |       |     4 |    28 |   102 |    42 |   131 |    53 ||   360
 Cast: Ensorcelled Hiber |     3 |     3 |    78 |   214 |   358 |    41 |       |       ||   697
       Confusing Touch   |       |       |     4 |    52 |   103 |     4 |     1 |       ||   164
       Magic Dart        |       |       |     1 |    29 |   150 |    19 |    22 |       ||   221
       Blink             |       |       |     3 |     6 |    42 |    12 |    28 |    17 ||   108
       Dazzling Flash    |       |       |       |    15 |    41 |     3 |       |       ||    59
       Tukima's Dance    |       |       |       |     5 |    68 |    66 |    11 |     4 ||   154
       Iskenderun's Myst |       |       |       |     5 |    50 |    31 |    42 |     6 ||   134
       Iron Shot         |       |       |       |       |    29 |    82 |   178 |    97 ||   386
       Statue Form       |       |       |       |       |    15 |    59 |   161 |    77 ||   312
       Cause Fear        |       |       |       |       |       |     1 |       |       ||     1
       Orb of Destructio |       |       |       |       |       |       |   136 |    69 ||   205
       Invisibility      |       |       |       |       |       |       |     3 |    13 ||    16
       Lee's Rapid Decon |       |       |       |       |       |       |       |     3 ||     3
Invok: Draw Destruction  |       |       |     9 |    41 |    68 |    20 |    44 |     3 ||   185
       Draw Summoning    |       |       |     1 |    11 |    20 |     5 |     7 |     4 ||    48
       Draw Escape       |       |       |       |     3 |     6 |     2 |     4 |       ||    15
       Triple Draw       |       |       |       |       |     6 |     1 |     7 |     1 ||    15
       Deal Four         |       |       |       |       |     2 |       |     4 |     1 ||     7
       Draw Stack        |       |       |       |       |     5 |     1 |     2 |     3 ||    11
       Stack Five        |       |       |       |       |     2 |       |     1 |       ||     3
 Abil: End Transformatio |       |       |       |       |       |       |     1 |     1 ||     2
Evoke: Wand              |       |       |     1 |    10 |    29 |    18 |    13 |       ||    71
       Condenser vane    |       |       |       |       |     8 |     5 |     6 |     4 ||    23
       Tin of tremorston |       |       |       |       |     3 |     8 |     5 |     4 ||    20
       Phantom mirror    |       |       |       |       |       |     1 |       |       ||     1
       Lightning rod     |       |       |       |       |       |       |     4 |    10 ||    14
       Box of beasts     |       |       |       |       |       |       |       |     2 ||     2
  Use: Scroll            |     4 |     6 |     3 |    18 |    18 |     5 |    28 |     4 ||    86
       Potion            |       |       |     2 |     3 |    17 |     2 |     8 |     4 ||    36
 Stab: Sleeping          |    20 |    12 |    58 |   158 |   244 |    41 |    22 |    31 ||   586
       Confused          |       |       |     8 |    43 |   122 |     3 |     3 |       ||   179
       Distracted        |       |       |     4 |       |     8 |     3 |     2 |     1 ||    18
       Invisible         |       |       |       |    10 |    23 |     2 |     2 |    34 ||    71
       Petrifying        |       |       |       |     1 |       |       |       |       ||     1
       Petrified         |       |       |       |       |     9 |       |       |       ||     9
       Held in net/web   |       |       |       |       |     1 |       |       |       ||     1
       Paralysed         |       |       |       |       |       |       |     1 |       ||     1
Armor: Skin              |     3 |       |     4 |    18 |   179 |   285 |   666 |   358 ||  1513
Dodge: Dodged            |    41 |    14 |   245 |   698 |  2250 |  1688 |  3490 |  1917 || 10343
Block: Other             |       |       |       |   161 |   611 |       |       |       ||   772

Table legend: (Time is in decaauts)
 A = Elapsed time spent in this place.
 B = Non-inter-level travel time spent in this place.
 C = Inter-level travel time spent in this place.
 D = Time resting spent in this place.
 E = Time spent auto-exploring this place.
 F = Levels seen in this place.
 G = Mean time per level.
                   A        B        C        D        E       F      G
               +--------+--------+--------+--------+--------+-----+--------+
         Total |  98065 |  92127 |   5938 |  18895 |  53202 |  57 | 1720.4 |
       Dungeon |  21139 |  18675 |   2464 |   3342 |  11709 |  15 | 1409.3 |
          Lair |  11753 |  10902 |    851 |   2652 |   6455 |   6 | 1958.8 |
         Swamp |   6324 |   6033 |    291 |   1494 |   3413 |   4 | 1581.0 |
   Spider Nest |  10009 |   9727 |    282 |   2478 |   5338 |   4 | 2502.2 |
    Slime Pits |   1547 |   1482 |     65 |    286 |    772 |   5 |  309.4 |
  Orcish Mines |   3348 |   2993 |    355 |   1194 |   1152 |   2 | 1674.0 |
   Elven Halls |   5911 |   5718 |    193 |    742 |   3630 |   3 | 1970.3 |
        Vaults |   9627 |   9039 |    588 |   1605 |   5143 |   4 | 2406.8 |
         Crypt |   7008 |   6749 |    259 |   1420 |   3319 |   3 | 2336.0 |
        Depths |  10704 |  10343 |    361 |   1267 |   6671 |   5 | 2140.8 |
           Zot |   9907 |   9682 |    225 |   1792 |   5595 |   5 | 1981.4 |
      Ice Cave |    783 |    783 |      0 |    619 |      0 |   1 |  783.0 |
               +--------+--------+--------+--------+--------+-----+--------+

Top non-repeatable levels by time:
Spider:1: 3358 daAuts
Spider:2: 3326 daAuts
Vaults:1: 3102 daAuts
Depths:3: 3064 daAuts
   Zot:3: 3058 daAuts
 Crypt:3: 2941 daAuts
  Lair:4: 2828 daAuts
   Zot:1: 2817 daAuts
  Lair:3: 2644 daAuts
 Crypt:1: 2554 daAuts
     D:8: 2549 daAuts
Vaults:3: 2529 daAuts
   Elf:3: 2452 daAuts
Vaults:2: 2402 daAuts
Spider:4: 2383 daAuts
